Map: Orbital Shipyard

Players

Elazer - Winner!

  • Race: Zerg Zerg
  • League: Grandmaster

HateMe

  • Race: Zerg Zerg
  • League: Platinum

Event: DreamHack ZOWIE Open Leipzig

VOD

Have the link to the VOD?

Description

Time

  • Played on: Jan. 22, 2016, 9 a.m.
  • Length: 6:46

All games in this series

Show
View Real Time Build Order
Export as new Build Order

Elazer Zerg - Winner!

Build Orders: Hatch First 

Get SALT Encoding   

  12  0:00  Drone  
  13  0:12  Overlord  
  13  0:17  Drone  
  14  0:30  Drone x2  
  14  0:34  Drone  
  17  0:51  Hatchery  
  17  0:54  Drone  
  17  0:57  Drone  
  18  1:09  Extractor  
  17  1:12  Spawning Pool  
  17  1:14  Drone  
  17  1:17  Drone  
  18  1:27  Drone  
  19  1:38  Overlord  
  19  1:58  Queen  
  19  1:59  Zergling x2  
  19  2:00  Zergling x2  
  23  2:04  Drone, Queen  
  26  2:09  Metabolic Boost  
  26  2:20  Drone x2  
  28  2:27  Drone x2  
  30  2:34  Queen  
  30  2:35  Baneling Nest  
  31  2:41  Spine Crawler  
  30  2:46  Spine Crawler  
  30  2:51  Evolution Chamber  
  27  2:55  Zergling x4  
  29  3:01  Zergling x2  
  29  3:05  Evolution Chamber  
  29  3:06  Zergling x2  
  29  3:15  Zergling x4  
  29  3:19  Baneling x4  
  32  3:30  Baneling  
  33  3:34  Zergling x6  
  33  3:42  Zergling x4  
  33  3:47  Drone  
  35  3:51  Drone  
  36  4:06  Overlord  
  34  4:18  Zergling x4  
  36  4:28  Drone  
  36  4:29  Roach Warren  
  36  4:31  Drone, Extractor  
  36  4:32  Drone x3  
  36  4:33  Drone x3  
  42  4:38  Zerg Missile Weapons Level 1  
  42  4:42  Overlord  
  42  4:47  Baneling  
  42  4:58  Overlord x3  
  42  5:10  Roach x4  
  42  5:13  Roach  
  52  5:16  Roach  
  54  5:22  Roach  
  54  5:23  Roach  
  54  5:27  Roach  
  60  5:35  Roach x2  
  62  5:38  Roach  
  63  5:44  Zergling x4  
  63  5:45  Zergling x2  
  63  5:48  Zergling x4  
  68  5:59  Zergling x4  
  68  6:02  Zergling x2  
  68  6:03  Zergling x4  
  70  6:04  Roach  
  70  6:07  Zergling x4  
  70  6:09  Baneling x2  
  70  6:10  Baneling  
  70  6:11  Baneling  
  71  6:15  Zergling x2  
  71  6:16  Zergling x2  
  71  6:17  Ravager  
  74  6:22  Zergling x2  
  74  6:24  Ravager  
  75  6:40  Ravager  
Show
View Real Time Build Order
Export as new Build Order

HateMe Zerg 

Build Orders: Pool First 

Get SALT Encoding   

  12  0:01  Drone  
  13  0:15  Extractor  
  12  0:25  Spawning Pool  
  11  0:29  Drone  
  11  0:34  Drone  
  13  0:37  Drone  
  14  0:47  Overlord  
  14  1:12  Queen  
  14  1:13  Zergling x4  
  18  1:22  Zergling x2  
  19  1:27  Metabolic Boost  
  19  1:33  Zergling x2  
  19  1:39  Zergling x2  
  21  1:51  Baneling Nest  
  20  1:55  Zergling x2  
  21  2:02  Overlord  
  21  2:07  Zergling x2  
  22  2:21  Zergling x6  
  22  2:22  Zergling x2  
  26  2:34  Zergling x2  
  26  2:35  Baneling x2  
  26  2:36  Baneling  
  27  2:43  Zergling x2  
  28  2:50  Zergling x2  
  29  2:54  Zergling x2  
  29  2:56  Baneling  
  29  2:57  Baneling  
  30  3:01  Overlord  
  28  3:15  Zergling x2  
  28  3:16  Zergling x2  
  28  3:24  Zergling x4  
  28  3:25  Zergling x2  
  25  3:48  Zergling x6  
  25  3:57  Drone  
  25  3:59  Baneling x2  
  25  4:00  Drone  
  25  4:01  Drone x2  
  29  4:12  Drone  
  29  4:35  Zergling x2  
  29  4:36  Zergling x2  
  31  4:38  Hatchery  
  31  4:39  Overlord  
  30  5:00  Drone x2  
  30  5:01  Drone x4  
  36  5:13  Drone  
  37  5:26  Overlord  
  36  5:37  Lair  
  36  5:40  Drone  
  36  5:41  Drone  
  37  5:47  Overlord  
  37  5:55  Spine Crawler  
  37  5:56  Spine Crawler  
  35  5:58  Spine Crawler  
  35  6:01  Spine Crawler  
  33  6:09  Zergling x2  
  33  6:10  Zergling x6  
  37  6:14  Zergling x2  
  37  6:17  Zergling x2  
  39  6:21  Zergling x4  
  39  6:23  Zergling x2  

Tags
 
Add a new tag
Caveats
  • Supply blocks, unpowered buildings, or Contaminate may cause inaccurate times.
  • Supply counts are checked every 10 seconds.